 Seeded DCSS version 0.31-a0-303-gdc8c9485ea (webtiles) character file.

Game seed: 14215367866634240820 (custom seed)

1824 innerfire43 the Trooper (level 8, -2/65 HPs)
             Began as a Demonspawn Monk on July 15, 2023.
             Slain by Duvessa
             ... wielding a +0 short sword
              (13 damage)
             ... on level 7 of the Dungeon on July 16, 2023.
             The game lasted 00:07:34 (5676 turns).

innerfire43 the Trooper (Demonspawn Monk)           Turns: 5676, Time: 00:07:35

Health: -2/65      AC:  6    Str: 13    XL:     8   Next: 86%
Magic:  8/8        EV: 14    Int: 13    God:
Gold:   336        SH:  0    Dex: 15    Spells: 7/7 levels left

rFire   . . .        n - +3 short sword (vamp)
rCold   . . .        d - orb {light}
rNeg    . . .        b - +0 robe
rPois   .            j - +2 helmet
rElec   .            (no cloak)
rCorr   .            (no gloves)
SInv    .            m - +0 pair of boots
Will    .....        (no amulet)
Stlth   +            (no ring)
HPRegen 0.30/turn    (no ring)
MPRegen 0.11/turn

%: no passive effects
@: confused, ambrosia-drunk, glowing
A: large bone plates 1, demonic guardian 2, condensation shield
a: no special abilities


You were on level 7 of the Dungeon.
You visited 1 branch of the dungeon, and saw 7 of its levels.
You also visited: Sewer.

You collected 336 gold pieces.

Inventory:

Hand Weapons
 a - a +0 hand axe
 n - a +3 vampiric short sword (weapon)
 p - a +0 war axe
 x - the +1 long sword "Demon's Foe" {pain, *Slow rPois Str-4 Int+5}
   (You found it on level 6 of the Dungeon)

   Str:       It affects your strength (-4).
   Int:       It affects your intelligence (+5).
   rPois:     It protects you from poison.
   *Slow:     It may slow you when you take damage.
 C - a +1 heavy falchion
Missiles
 h - 5 silver javelins (quivered)
Armour
 b - a +0 robe (worn)
 d - an orb of light (worn)
 j - a +2 helmet (worn)
 m - a +0 pair of boots (worn)
Jewellery
 v - a ring of resist corrosion
 E - a ring of see invisible
 I - a ring of flight
Talismans
 G - a serpent talisman
Wands
 e - a wand of roots (19)
 o - a wand of polymorph (13)
 r - a wand of mindburst (19)
 y - a wand of quicksilver (17)
 D - a wand of paralysis (13)
Scrolls
 f - 2 scrolls of fog {unknown}
 i - a scroll of amnesia {unknown}
 k - 4 scrolls of enchant armour {unknown}
 l - 6 scrolls of identify {unknown}
 u - a scroll of blinking {unknown}
 z - 2 scrolls of vulnerability {unknown}
 B - a scroll of summoning {unknown}
 F - a scroll of fear {unknown}
 H - a scroll of enchant weapon
Potions
 g - 5 potions of curing {unknown}
 q - a potion of berserk rage {unknown}
 s - a potion of lignification {unknown}
 t - a potion of degeneration {unknown}
 w - a potion of attraction {unknown}
 A - a potion of haste {unknown}


   Skills:
 + Level 6.7 Fighting
 * Level 6.3 Short Blades
 - Level 3.8 Axes
 + Level 6.0 Dodging


You had 7 spell levels left.
You didn't know any spells.
Your spell library contained the following spells:

 Spells                   Type           Power      Damage    Failure   Level
 Apportation              Tloc           0%         N/A       30%         1
 Necrotise                Necr           0%         1d4       30%         1
 Sandblast                Erth           0%         2d4       30%         1
 Summon Small Mammal      Summ           0%         N/A       30%         1
 Passwall                 Tmut/Erth      0%         N/A       43%         2
 Sublimation of Blood     Necr           0%         N/A       43%         2
 Gell's Gravitas          Tloc           0%         N/A       67%         3
 Stone Arrow              Conj/Erth      0%         3d7       67%         3
 Teleport Other           Tloc           0%         N/A       67%         3
 Petrify                  Tmut/Erth      0%         N/A       97%         4
 Irradiate                Conj/Tmut      0%         3d11      100%        5
 Dispersal                Tloc           0%         N/A       100%        6


Dungeon Overview and Level Annotations

Branches:
Dungeon (7/15)             Temple (0/1) D:7           Sewer (visited)

Altars:

Shops:
D:4 [   D:5 *

Annotations:
D:7 Duvessa


Innate Abilities, Weirdness & Mutations

You are partially covered in large bone plates. (SH +4)
A demonic guardian rushes to your aid.
A meltable shield of frost defends you. (SH +0)


Message History

Dowan misses you. Duvessa closely misses you.
You hit Dowan.
You feel better.
Dowan is almost dead.
You barely miss Dowan.
Dowan is almost dead.
You block Dowan's attack. Duvessa hits you but does no damage.
You hit Dowan.
Dowan is almost dead.
Dowan barely misses you. Duvessa hits you with a +0 short sword.
You hit Dowan.
You kill Dowan!
Duvessa screams, "No!
How DARE you!"
Duvessa goes berserk!
Duvessa closely misses you.
You hit Duvessa.
Duvessa is lightly wounded.
Duvessa hits you with a +0 short sword! Duvessa closely misses you.
Things that are here:
a +0 dagger; a +0 robe; the elf corpse of Dowan You hit Duvessa.
Duvessa is lightly wounded.
Duvessa hits you with a +0 short sword!
You hit Duvessa.
You feel better.
Duvessa is moderately wounded.
Duvessa hits you with a +0 short sword.
You hit Duvessa.
You feel better.
Duvessa is moderately wounded.
Duvessa hits you with a +0 short sword!
A demonic guardian appears!
You hit Duvessa.
You feel better.
Duvessa is moderately wounded.
Duvessa hits you with a +0 short sword!
* * * LOW HITPOINT WARNING * * *
You hit Duvessa but do no damage.
Duvessa is moderately wounded.
Duvessa hits you with a +0 short sword!
* * * LOW HITPOINT WARNING * * *
You are confused.
You feel invigorated. Duvessa misses you.
Duvessa hits you with a +0 short sword!
You die...

...####
#.#..#
...#
####'###
##...#
#.....#
###.#
#.⌠.⌠.#
.#
+..>..+
.
#.⌠.⌠.#
..
#.....#
###4###
#@e.#
##.## .#
.# .# .#
##


You could see Duvessa (berserk, ally target) and a friendly rust devil
(summoned).

Vanquished Creatures
  Pikel (D:7)
  Pargi (Sewer)
  A sky beast (D:5)
  3 black bears
  A phantom (D:5)
  3 scorpions
  Dowan (D:7)
  4 hounds
  3 iguanas
  Terence (D:3)
  An orc wizard (D:6)
  2 gnolls (D:2)
  4 adders
  2 worms
  2 dart slugs
  10 orcs
  9 ball pythons
  9 endoplasms
  8 giant cockroaches
  9 goblins
  6 hobgoblins
  6 jackals (D:1)
  8 kobolds
  10 quokkas
  5 bats
  6 frilled lizards
  4 rats
120 creatures vanquished.

Vanquished Creatures (collateral kills)
  A water moccasin (D:5)
  An orc priest (D:3)
  Ijyb (D:4)
  2 gnolls (D:2)
  A white imp (D:6)
  2 orcs (D:6)
  An endoplasm (D:1)
  A ball python (D:4)
10 creatures vanquished.

Grand Total: 130 creatures vanquished

Notes
Turn   | Place    | Note
-------+----------+-------------------------------------------
     0 | D:1      | innerfire43 the Demonspawn Monk began the quest for the
                  | Orb.
     0 | D:1      | Reached XP level 1. HP: 18/18 MP: 1/1
    49 | D:1      | Gained mutation: A weak demonic guardian rushes to your
                  | aid. [demonic ancestry]
    49 | D:1      | Reached XP level 2. HP: 19/24 MP: 2/2
   483 | D:1      | Reached XP level 3. HP: 29/29 MP: 3/3
  1086 | D:2      | Gained mutation: A demonic guardian rushes to your aid.
                  | [demonic ancestry]
  1086 | D:2      | Reached XP level 4. HP: 14/37 MP: 4/4
  1609 | D:3      | Noticed Terence
  1624 | D:3      | Killed Terence
  1625 | D:3      | Reached XP level 5. HP: 15/42 MP: 5/5
  2532 | D:3      | Identified a scroll of acquirement
  2532 | D:3      | Acquired a +2 vampiric short sword
  2680 | D:4      | Found Junwutirr's Armour Shoppe.
  2766 | D:4      | Upgraded the game from 0.31-a0-277-g31ea1f65cc to
                  | 0.31-a0-303-gdc8c9485ea
  2767 | D:4      | Noticed Ijyb
  2786 | D:4      | Killed Ijyb
  3021 | D:4      | Noticed a black bear
  3042 | D:4      | Killed a black bear
  3043 | D:4      | Reached skill level 1 in Short Blades
  3043 | D:4      | Reached XP level 6. HP: 22/49 MP: 6/6
  3229 | D:4      | Found a glowing drain.
  3244 | Sewer    | Entered a sewer
  3286 | Sewer    | Noticed Pargi
  3303 | Sewer    | Killed Pargi
  3512 | D:4      | Reached skill level 5 in Fighting
  3544 | D:4      | Gained mutation: A meltable shield of frost defends you.
                  | (SH +0) [demonic ancestry]
  3544 | D:4      | Reached XP level 7. HP: 56/56 MP: 7/7
  3821 | D:5      | Entered Level 5 of the Dungeon
  4209 | D:5      | Reached skill level 5 in Dodging
  4376 | D:5      | Found Ucuimn's Serpentskin Sales.
  4389 | D:5      | Gained mutation: You are partially covered in large bone
                  | plates. (SH +4) [demonic ancestry]
  4389 | D:5      | Reached XP level 8. HP: 24/64 MP: 8/8
  4992 | D:6      | Reached skill level 5 in Short Blades
  4993 | D:6      | Identified the +1 long sword "Demon's Foe" {pain, *Slow
                  | rPois Str-4 Int+5}
  5470 | D:7      | Noticed Pikel
  5497 | D:7      | Killed Pikel
  5646 | D:7      | Found a staircase to the Ecumenical Temple.
  5654 | D:7      | Noticed Dowan
  5654 | D:7      | Noticed Duvessa
  5668 | D:7      | Killed Dowan
  5676 | D:7      | Slain by Duvessa

Illustrated notes

Levels and vault maps discovered:
D:1:      dpeg_arrival_castle, layout_basic, serial_forest,
          infiniplex_forest_straight_2, infiniplex_forest_straight_3,
          infiniplex_forest_clump_double, infiniplex_forest_lined_1,
          infiniplex_forest_clump_small, infiniplex_forest_straight_2,
          infiniplex_forest_lined_3_way
D:2:      layout_rooms
D:3:      layout_basic, general_overflow_altar, uniq_terence
D:4:      minmay_chambers_of_fours, layout_loops_ring, gup_sewer_entry_pipe,
          serial_shops, shop, uniq_ijyb
D:5:      layout_basic, guppyfry_shop_venom
D:6:      layout_rooms
D:7:      layout_rooms, minmay_temple_entry_hall, serial_shops,
          nicolae_shop_overgrown_old_shop, uniq_pikel, uniq_maggie, uniq_duvessa

Skill      XL: |  1  2  3  4  5  6  7  8 |
---------------+-------------------------+-----
Dodging        | 3 4 5 6 |  6.0
Axes           | 3 |  3.8
Fighting       | 4 5 6 |  6.7
Short Blades   | 1 3 4 6 |  6.3

Action                     |  1- 3 |  4- 6 |  7- 9 || total
---------------------------+-------+-------+-------++-------
  Melee: Hand axe          |    99 |    64 |       ||   163
         Short sword       |       |   117 |   252 ||   369
         War axe           |       |    24 |       ||    24
  Throw: Javelin           |     3 |     4 |       ||     7
    Use: Potion            |     1 |       |     1 ||     2
         Scroll            |       |     5 |       ||     5
 Armour: Robe              |    21 |    72 |    43 ||   136
  Dodge: Dodged            |    91 |   141 |   131 ||   363
  Block: Orb               |       |       |    44 ||    44

Table legend: (Time is in decaauts)
 A = Elapsed time spent in this place.
 B = Non-inter-level travel time spent in this place.
 C = Inter-level travel time spent in this place.
 D = Time resting spent in this place.
 E = Time spent auto-exploring this place.
 F = Levels seen in this place.
 G = Mean time per level.
                   A        B        C        D        E       F      G
               +--------+--------+--------+--------+--------+-----+--------+
         Total |   5653 |   5513 |    140 |      0 |   4521 |   8 |  706.6 |
       Dungeon |   5509 |   5369 |    140 |      0 |   4426 |   7 |  787.0 |
         Sewer |    144 |    144 |      0 |      0 |     95 |   1 |  144.0 |
               +--------+--------+--------+--------+--------+-----+--------+

Top non-repeatable levels by time:
     D:3: 1123 daAuts
     D:5: 1103 daAuts
     D:4: 1034 daAuts
     D:1: 995 daAuts
     D:2: 556 daAuts
     D:6: 490 daAuts
     D:7: 206 daAuts
   Sewer: 144 daAuts
